Map: 死水之地 - 天梯版

Players

Neeb - Winner!

  • Race: Protoss Protoss
  • Spawn Location: 5:00

JinairRogue (Rogue)

  • Race: Zerg Zerg
  • Spawn Location: 11:00

Event: 2018 Hangzhou StarCraft Carnival

VOD

https://www.youtube.com/watch?v=h-En5gR8nYQ

Description

Time

  • Played on: April 30, 2018, 1:09 a.m.
  • Length: 18:18

All games in this series

Show
View Real Time Build Order
Export as new Build Order

Neeb Protoss - Winner!

Build Orders: 1 Gate Expand, Archon Immortal, Zealot Archon, Archon Drop 

Get SALT Encoding   

  12  0:00  Probe  
  13  0:12  Probe  
  14  0:17  Pylon  
  14  0:23  Probe  
  15  0:32  Probe  
  15  0:40  Gateway, Probe  
  16  0:49  Assimilator  
  17  0:52  Probe  
  18  0:59  Pylon  
  18  1:04  Probe  
  19  1:16  Probe  
  20  1:26  Nexus  
  20  1:36  Cybernetics Core  
  20  1:39  Probe  
  21  1:45  Assimilator  
  21  1:52  Probe  
  22  1:54  Pylon  
  22  2:03  Adept  
  22  2:04  Probe  
  25  2:16  Probe  
  25  2:22  Adept  
  26  2:27  Warp Gate  
  26  2:28  Probe  
  27  2:34  Probe  
  29  2:40  Probe  
  29  2:42  Probe  
  31  2:47  Stalker  
  34  2:52  Probe x2  
  36  3:04  Probe x2  
  38  3:09  Pylon  
  38  3:14  Adept  
  38  3:16  Probe x2  
  40  3:28  Probe x2  
  40  3:32  Nexus  
  40  3:35  Sentry  
  40  3:38  Robotics Facility  
  40  3:40  Probe x2  
  44  3:51  Pylon  
  44  3:53  Assimilator x2, Probe x2  
  46  4:01  Gateway  
  46  4:03  Gateway, Probe  
  46  4:05  Probe  
  46  4:07  Gateway  
  48  4:11  Probe  
  48  4:15  Immortal  
  49  4:17  Probe  
  49  4:19  Probe  
  51  4:24  Pylon  
  51  4:29  Probe  
  56  4:31  Probe  
  56  4:33  Sentry  
  56  4:37  Twilight Council  
  59  4:39  Pylon  
  59  4:43  Pylon, Probe x2  
  61  4:46  Probe  
  61  4:47  Observer  
  61  4:51  Probe  
  62  4:55  Probe  
  62  4:57  Zealot  
  67  5:00  Probe  
  67  5:01  Zealot x2  
  67  5:03  Zealot  
  67  5:06  Probe, Warp Prism  
  75  5:07  Probe  
  75  5:14  Probe  
  77  5:20  Probe x2  
  81  5:26  Probe  
  82  5:29  Adept x3  
  82  5:32  Probe x2  
  82  5:33  Assimilator  
  90  5:37  Assimilator  
  90  5:38  Templar Archives, Probe  
  91  5:44  Probe x2  
  93  5:50  Pylon  
  93  5:51  Probe, Immortal  
  98  5:57  Probe  
  98  5:59  Probe  
  98  6:03  Probe  
  101  6:05  Pylon  
  101  6:06  Pylon  
  101  6:08  Pylon  
  101  6:10  Pylon  
  101  6:15  High Templar x2  
  101  6:16  High Templar  
  107  6:18  High Templar  
  107  6:21  Immortal  
  107  6:22  Forge  
  107  6:23  Probe x3, Archon x2  
  112  6:28  Pylon x2  
  116  6:37  Protoss Ground Weapons Level 1  
  116  6:47  Probe  
  116  6:52  Nexus  
  116  6:54  Pylon, Probe x2  
  119  6:57  High Templar x2, Psionic Storm  
  119  6:58  High Templar  
  119  7:00  Probe, Immortal  
  130  7:05  Photon Cannon  
  130  7:06  Probe  
  131  7:12  Photon Cannon  
  131  7:14  Shield Battery  
  131  7:15  Probe x2  
  133  7:16  Shield Battery  
  133  7:18  Pylon  
  133  7:22  Pylon, Probe  
  134  7:28  Probe, Immortal  
  135  7:31  High Templar x2  
  135  7:32  Zealot  
  135  7:35  Zealot  
  135  7:37  Archon  
  143  7:41  Gateway  
  143  7:43  Photon Cannon, Gateway x2  
  147  7:46  Gateway  
  147  7:48  Assimilator  
  147  7:52  Photon Cannon, Probe  
  147  7:54  Assimilator  
  148  8:00  Observer  
  144  8:07  High Templar x2, Zealot, Sentry  
  144  8:10  Immortal  
  144  8:12  Protoss Ground Weapons Level 2, Archon  
  153  8:14  Blink  
  153  8:15  Probe x2  
  153  8:16  Probe  
  153  8:17  Photon Cannon  
  148  8:22  Shield Battery, Probe  
  153  8:30  Stalker x2  
  155  8:41  Stalker x5  
  155  8:45  Pylon  
  155  8:46  Pylon  
  165  8:49  Immortal  
  165  8:53  Probe x3  
  171  9:01  High Templar x2  
  175  9:03  Zealot  
  175  9:06  Photon Cannon  
  175  9:10  Photon Cannon  
  175  9:18  Photon Cannon  
  175  9:19  Photon Cannon  
  175  9:21  High Templar x2, Zealot x3, Shield Battery  
  175  9:22  Pylon  
  185  9:25  Pylon, Archon  
  185  9:29  Gateway  
  185  9:30  Gateway  
  185  9:37  Nexus  
  181  9:43  Stalker x3  
  181  9:44  Stalker x3  
  189  9:46  Probe x3  
  178  9:54  Stalker x2  
  178  9:57  Probe  
  178  9:58  Photon Cannon  
  179  10:08  High Templar x4  
  179  10:09  Zealot x2  
  179  10:12  Archon x2  
  176  10:22  Immortal  
  134  10:31  Protoss Ground Weapons Level 3  
  134  10:34  High Templar x4  
  138  10:36  Probe  
  138  10:37  Probe x3  
  142  10:44  Nexus  
  142  10:49  Probe x2  
  144  10:51  Immortal  
  142  10:57  Stalker x4  
  142  10:58  Stalker  
  154  11:17  Stalker x5  
  160  11:23  Probe x2  
  157  11:29  Stalker x4  
  157  11:30  Immortal  
  153  11:43  Gateway  
  145  11:56  Stalker x4  
  145  12:01  Stalker x2  
  157  12:04  Nexus  
  157  12:10  Immortal  
  157  12:12  Pylon  
  161  12:16  High Templar x3  
  161  12:22  Archon  
  158  12:23  Zealot x4  
  158  12:27  Archon x2  
  160  12:30  Archon  
  160  12:32  Zealot  
  160  12:33  Zealot  
  144  12:39  Probe x2  
  127  12:44  High Templar x3  
  127  12:46  Probe x2  
  127  12:49  Immortal  
  127  12:50  High Templar, Zealot x2  
  127  12:51  Archon  
  145  12:55  Probe  
  145  12:56  Probe  
  148  12:58  Probe x2, Archon  
  148  13:01  High Templar x2  
  148  13:04  Zealot  
  155  13:07  Probe  
  155  13:08  Probe  
  156  13:16  Zealot  
  156  13:17  Pylon  
  158  13:20  Charge  
  158  13:21  High Templar x2  
  158  13:22  High Templar  
  158  13:26  Probe  
  167  13:27  Assimilator x2  
  167  13:28  Immortal  
  169  13:34  Zealot x2  
  169  13:35  Zealot x2  
  169  13:37  Zealot  
  179  13:42  Zealot x2  
  170  13:56  Probe x2  
  170  13:57  Probe x2  
  173  14:05  High Templar x3  
  173  14:06  High Templar  
  173  14:08  Zealot x5  
  191  14:14  Archon x2  
  191  14:15  Zealot  
  191  14:16  Shield Battery  
  181  14:26  Probe x3  
  181  14:27  Photon Cannon  
  182  14:31  Zealot x3, Protoss Shields Level 1  
  182  14:33  Zealot x2  
  182  14:36  Probe x2  
  190  14:43  High Templar x2  
  190  14:44  High Templar x2  
  198  14:57  Gateway, Immortal  
  198  15:00  Gateway  
  200  15:07  Nexus  
  184  15:24  Archon  
  184  15:25  Immortal, Archon  
  184  15:27  Stalker x8  
  184  15:28  Stalker x2  
  154  15:51  Immortal  
  154  15:52  High Templar  
  154  15:53  High Templar x3, Zealot  
  154  15:54  High Templar x2, Zealot  
  158  16:13  Zealot  
  160  16:20  High Templar x4  
  160  16:21  Zealot  
  160  16:24  Archon x2  
  170  16:26  Zealot x6  
  182  16:35  Nexus  
  182  16:40  Stalker  
  182  16:46  Immortal  
  188  16:51  High Templar x3  
  188  16:53  High Templar, Zealot x2  
  200  16:56  Photon Cannon  
  200  16:57  Photon Cannon  
  200  16:58  Shield Battery  
  200  17:00  Archon x2  
  200  17:01  Shield Battery x2  
  200  17:05  Photon Cannon  
  179  17:38  Zealot x7  
  179  17:39  Zealot  
  179  17:40  Probe x2  
  178  17:51  Stalker x3  
  158  18:06  Stalker x6  
Show
View Real Time Build Order
Export as new Build Order

JinairRogue Zerg 

Build Orders: Hatch First, Muta Ling Bane 

Get SALT Encoding   

  12  0:00  Drone  
  13  0:12  Overlord  
  13  0:16  Drone  
  14  0:30  Drone x2  
  16  0:49  Drone  
  17  0:50  Drone  
  18  0:58  Drone  
  19  1:05  Extractor  
  19  1:07  Hatchery  
  17  1:13  Spawning Pool  
  17  1:16  Drone  
  17  1:20  Drone  
  18  1:28  Drone  
  19  1:39  Drone  
  20  1:48  Hatchery  
  20  1:52  Drone  
  20  2:01  Queen  
  22  2:08  Metabolic Boost  
  22  2:18  Drone x2  
  22  2:20  Drone  
  22  2:22  Drone  
  26  2:29  Overlord  
  26  2:32  Zergling x2  
  27  2:40  Zergling x2  
  28  2:46  Queen  
  28  2:50  Zergling x2  
  31  2:51  Zergling x2  
  31  2:55  Queen  
  34  2:59  Zergling x2  
  34  3:00  Queen  
  34  3:04  Zergling x2  
  38  3:07  Overlord  
  38  3:11  Drone x2  
  40  3:16  Drone x2  
  42  3:24  Overlord  
  40  3:30  Drone  
  40  3:31  Drone x3  
  44  3:35  Drone  
  44  3:38  Overlord  
  45  3:43  Drone x3  
  45  3:45  Drone  
  45  3:47  Drone  
  49  3:54  Overlord  
  49  3:55  Spore Crawler  
  48  3:56  Drone  
  48  3:58  Drone x2  
  48  4:01  Drone  
  52  4:09  Drone x5  
  57  4:14  Lair  
  57  4:16  Drone x3  
  60  4:20  Drone x2  
  60  4:24  Extractor x2  
  61  4:27  Roach Warren  
  61  4:28  Drone x2  
  61  4:33  Drone  
  61  4:34  Drone x2  
  61  4:36  Overlord  
  64  4:39  Drone  
  64  4:40  Spore Crawler  
  64  4:41  Extractor  
  63  4:50  Overlord  
  63  4:51  Zergling x2  
  63  4:52  Zergling x2  
  65  4:56  Zergling x14  
  72  5:01  Evolution Chamber  
  72  5:02  Overlord x2  
  71  5:10  Roach x5  
  71  5:11  Drone  
  71  5:14  Glial Reconstitution  
  81  5:20  Overlord  
  81  5:21  Overlord x2  
  81  5:27  Roach  
  81  5:28  Roach x2  
  86  5:31  Drone x2  
  86  5:32  Drone  
  89  5:38  Overseer, Zerg Missile Weapons Level 1  
  89  5:40  Drone x3  
  89  5:41  Drone  
  92  5:44  Extractor  
  92  5:45  Extractor  
  92  5:46  Drone x2  
  92  5:47  Drone x2  
  94  5:50  Drone x2  
  94  5:54  Roach  
  94  5:55  Roach  
  100  6:01  Drone x2  
  100  6:02  Drone x3  
  105  6:06  Spire  
  104  6:21  Hatchery  
  104  6:22  Roach  
  104  6:23  Roach x5  
  115  6:25  Overlord  
  115  6:30  Drone  
  116  6:33  Roach x2  
  116  6:35  Overlord x2  
  116  6:39  Overlord  
  116  6:51  Overlord x2  
  116  6:53  Drone x3  
  116  6:54  Drone x6  
  122  6:55  Overlord  
  122  6:57  Overseer  
  125  7:02  Overlord  
  125  7:06  Roach x4  
  133  7:19  Extractor  
  130  7:28  Mutalisk  
  130  7:29  Mutalisk x10  
  150  7:34  Queen  
  152  7:37  Drone x3  
  152  7:39  Zerg Melee Weapons Level 1  
  152  7:43  Baneling Nest  
  154  7:46  Drone x6  
  154  7:50  Extractor  
  159  7:53  Zerg Flyer Weapons Level 1  
  159  7:59  Drone x2  
  159  8:00  Overlord  
  159  8:01  Overlord  
  159  8:03  Roach  
  163  8:11  Zergling x16  
  171  8:13  Overlord  
  170  8:27  Overlord  
  170  8:29  Hatchery  
  170  8:32  Drone  
  170  8:34  Mutalisk  
  170  8:35  Mutalisk x7  
  170  8:39  Zergling x6  
  187  8:41  Zergling x2  
  187  8:42  Zergling x4, Hatchery  
  187  8:43  Zergling x2  
  187  8:44  Zergling x2  
  187  8:47  Centrifical Hooks  
  191  8:52  Baneling  
  191  8:53  Baneling x13  
  187  8:56  Zergling x6  
  187  9:00  Zergling x6  
  193  9:05  Zergling x12  
  199  9:17  Infestation Pit, Drone  
  198  9:22  Evolution Chamber  
  198  9:23  Baneling x22  
  198  9:24  Baneling x3  
  198  9:27  Drone  
  193  9:53  Zergling x12  
  193  9:55  Drone  
  198  10:01  Zerg Melee Weapons Level 2, Hive  
  198  10:02  Zerg Ground Armor Level 1  
  198  10:13  Baneling  
  198  10:14  Baneling x11  
  190  10:26  Zergling x26  
  190  10:27  Zergling x28  
  193  10:29  Zergling x2  
  193  10:35  Zergling x12  
  189  10:37  Ravager x7  
  199  10:59  Baneling x4  
  199  11:00  Baneling x28  
  199  11:01  Baneling x2  
  199  11:10  Zergling x4  
  199  11:11  Zergling x2  
  199  11:17  Baneling  
  199  11:18  Baneling x6  
  184  11:19  Baneling x6  
  184  11:23  Zergling x24  
  184  11:24  Zergling x12  
  195  11:26  Zergling x12  
  195  11:29  Zergling x10  
  195  11:31  Zergling x6  
  195  11:33  Zergling x4  
  195  11:38  Zergling x18  
  198  11:43  Zergling x4  
  198  11:44  Adrenal Glands  
  193  11:48  Zergling x6  
  188  11:54  Zergling x6  
  188  11:56  Baneling  
  188  11:57  Baneling x13  
  188  11:58  Zergling x8  
  188  11:59  Zergling x2  
  193  12:05  Zergling x8  
  193  12:07  Baneling x12  
  193  12:08  Baneling x3  
  197  12:10  Zergling x4  
  197  12:11  Zergling x2, Baneling  
  197  12:12  Hatchery  
  197  12:14  Baneling  
  197  12:15  Baneling x6  
  197  12:16  Zergling x2  
  197  12:17  Zergling x2  
  197  12:18  Zergling x2  
  179  12:29  Zergling x20  
  164  12:31  Zergling x4  
  164  12:36  Zergling x4  
  137  12:40  Ultralisk Cavern  
  137  12:44  Roach x6  
  114  12:47  Baneling x4  
  114  12:48  Zergling x2, Baneling x2  
  122  12:51  Zergling x4  
  122  12:52  Zergling x4  
  122  12:53  Zergling x2  
  122  12:55  Zergling x4  
  129  13:00  Zergling x10  
  129  13:04  Zergling x6  
  137  13:10  Zerg Ground Armor Level 2  
  137  13:11  Zerg Melee Weapons Level 3  
  129  13:21  Drone x2  
  129  13:22  Drone x4  
  135  13:33  Zergling x12  
  141  13:38  Chitinous Plating  
  141  13:40  Ultralisk x2  
  150  13:46  Ultralisk  
  148  13:50  Ultralisk  
  148  13:52  Zergling x10  
  152  14:02  Ultralisk  
  157  14:05  Zergling x18  
  157  14:06  Ravager x2  
  157  14:07  Ravager x3  
  157  14:08  Ravager  
  169  14:18  Ultralisk  
  169  14:23  Zergling x10  
  169  14:24  Zergling x16  
  183  14:37  Ultralisk x2  
  183  14:38  Zergling x8  
  197  14:44  Pneumatized Carapace  
  194  14:51  Baneling x12  
  194  14:52  Baneling  
  192  14:53  Zergling x14  
  192  14:56  Overseer x2  
  199  15:04  Zergling x2, Extractor  
  199  15:10  Zergling x2  
  199  15:12  Zergling x2  
  195  15:15  Zergling x4  
  195  15:16  Zergling x4  
  195  15:20  Zergling x38  
  195  15:21  Zergling x12  
  192  15:26  Zergling x2  
  192  15:28  Zergling x2  
  162  15:30  Zergling x2  
  162  15:35  Zergling x6  
  138  15:36  Zergling x18  
  138  15:38  Zergling x2  
  138  15:41  Zergling x4  
  138  15:42  Zergling x2  
  135  15:45  Baneling  
  135  15:46  Baneling x6  
  135  15:47  Zergling x2  
  132  15:50  Zergling x2  
  132  15:52  Zergling x4  
  132  15:54  Zergling x4  
  132  15:56  Zergling x2  
  134  15:57  Zergling x4  
  134  16:00  Zergling x4  
  136  16:14  Hatchery  
  135  16:19  Viper x2  
  140  16:29  Ultralisk x2  
  145  16:37  Zergling x22  
  145  16:38  Zergling x4  
  148  16:42  Baneling  
  148  16:43  Baneling x10  
  148  16:52  Zergling x2  
  148  16:53  Zergling x8  
  153  17:07  Zergling x24  
  165  17:09  Baneling x3  
  165  17:10  Baneling  
  165  17:11  Baneling x3  
  165  17:21  Baneling x4  
  165  17:22  Baneling x15  
  164  17:25  Zergling x6  
  164  17:32  Zergling x2  
  131  17:37  Zergling x18  
  131  17:40  Baneling x4  
  125  17:46  Zergling x2  
  125  17:47  Zergling x8  
  125  17:51  Zergling x4  
  118  17:56  Zergling x8  
Tags
 
Add a new tag
Caveats
  • Supply blocks, unpowered buildings, or Contaminate may cause inaccurate times.
  • Supply counts are checked every 10 seconds.